[Event "Titled Tuesday Blitz April 4 Late 2023"]
[White "Bilych, Olexiy"]
[Black "Goffredo_Fofi"]
[WhiteFideId "14156504"]
[WhiteElo "2320"]
[BlackElo "2507"]
[Result "1-0"]
[Round "07"]
[TimeControl "180+2"]
[Date "2023.04.04"]
[WhiteClock "0:00:35"]
[BlackClock "0:00:03"]

1. d4 Nf6 2. c4 g6 3. Nc3 Bg7 4. e4 O-O 5. Be2 d6 6. Nf3 e5 7. O-O Nc6 8. d5 Ne7 9. b4 a5 10. bxa5 Rxa5 11. a4 c5 12. Nd2 Ne8 13. Nb3 Ra6 14. Nb5 f5 15. exf5 Nxf5 16. Bg4 Nf6 17. Bh3 Nh5 18. Re1 Nf4 19. Bxf4 exf4 20. Ra2 Be5 21. Nxc5 dxc5 22. Rxe5 f3 23. Qxf3 Nd4 24. Qe3 Bxh3 25. Qxh3 Qf6 26. Re1 Rxa4 27. Rd2 Rxc4 28. Nc7 Rc3 29. Qd7 Nf3+ 30. gxf3 Qg5+ 31. Kf1 Qxd2 32. Ne6 Qh6 33. Nxf8 Qxf8 34. Re8 1-0


[Site "https://www.chess.com"]

[Event "Titled Tuesday Blitz April 4 Late 2023"]
[White "Mei, Austin"]
[Black "Adewumi, Tanitoluwa"]
[WhiteFideId "30948479"]
[BlackFideId "30966396"]
[WhiteElo "2125"]
[BlackElo "2705"]
[Result "0-1"]
[Round "07"]
[TimeControl "180+2"]
[Date "2023.04.04"]
[WhiteClock "0:00:01"]
[BlackClock "0:00:03"]

1. e4 c5 2. Nf3 e6 3. d4 cxd4 4. Nxd4 Nc6 5. Nc3 Qc7 6. a3 a6 7. Be3 Nf6 8. f4 d5 9. e5 Nd7 10. Be2 Bc5 11. Qd2 b5 12. Nb3 Bxe3 13. Qxe3 b4 14. axb4 Nxb4 15. Bd3 Bb7 16. O-O O-O 17. Ra4 Nxd3 18. cxd3 d4 19. Nxd4 Nb6 20. Raa1 Rad8 21. Nde2 Qc6 22. Rf2 Rd7 23. d4 Nc4 24. Qg3 Nxb2 25. f5 exf5 26. Nf4 Nc4 27. Nh5 Qg6 28. Nf4 Qxg3 29. hxg3 Rxd4 30. Re1 Re8 31. Nh5 Rxe5 32. Rxe5 Nxe5 33. Rxf5 Ng4 34. Kf1 g6 0-1


[Site "https://www.chess.com"]

[Event "Titled Tuesday Blitz April 4 Late 2023"]
[White "Weetik, Vjacheslav"]
[Black "Koutlas, Nikolaos"]
[WhiteFideId "4153472"]
[BlackFideId "25827138"]
[WhiteElo "2469"]
[BlackElo "2215"]
[Result "1/2-1/2"]
[Round "07"]
[TimeControl "180+2"]
[Date "2023.04.04"]
[WhiteClock "0:00:09"]
[BlackClock "0:00:07"]

1. d4 b6 2. e4 g6 3. Nf3 Bb7 4. Nc3 d6 5. Bc4 Bg7 6. Bxf7+ Kxf7 7. Ng5+ Ke8 8. Ne6 Qd7 9. Nxg7+ Kf7 10. Nh5 gxh5 11. Qxh5+ Kf8 12. h4 Qe6 13. Rh3 Bxe4 14. Nxe4 Qxe4+ 15. Re3 Qg6 16. Qf3+ Nf6 17. Qxa8 Kf7 18. c3 c6 19. Qxa7 Nbd7 20. g3 Qg4 21. Qa4 Nd5 22. Qd1 Nxe3 23. Bxe3 Qf5 24. Qb3+ d5 25. Kd2 b5 26. Qc2 Qg4 27. Re1 Nb6 28. b3 Nc8 29. Bf4 e6 30. Kc1 Ne7 31. Kb2 Nf5 32. Qe2 Qg6 33. Qe5 Rc8 34. h5 Qf6 35. g4 Nh4 36. Qxf6+ Kxf6 37. Be5+ Kf7 38. Bg3 Nf3 39. Re3 Ng5 40. f3 h6 41. Bf4 Rg8 42. Bxg5 Rxg5 43. a4 bxa4 44. bxa4 Rg8 45. Re1 Ke7 46. a5 Kd7 47. Ra1 Kc7 48. Re1 Kd6 49. Kb3 Rf8 50. Re3 c5 51. Ka4 Rf4 52. Kb5 cxd4 53. cxd4 Rxd4 54. a6 Rd1 55. Ra3 Rb1+ 56. Ka5 Kc7 57. Rc3+ Kb8 58. Rc6 Re1 59. g5 hxg5 60. h6 d4 61. Kb6 Rb1+ 62. Kc5 Rc1+ 63. Kd6 Rh1 64. Ke7 Rxh6 65. Rd6 Ka7 66. Rxd4 Kxa6 67. Rd6+ Kb5 68. Rxe6 Rh3 69. Rf6 Kc4 70. Kf7 Kd4 71. Kg6 Ke3 72. Kxg5 Rxf3 73. Re6+ Kf2 74. Kg4 Rg3+ 75. Kf4 Rf3+ 76. Kg4 Rg3+ 77. Kh4 Rf3 78. Rg6 Rf4+ 79. Rg4 Rf8 80. Kg5 Rg8+ 81. Kf5 Rxg4 82. Kxg4 1/2-1/2


[Site "https://www.chess.com"]

[Event "Titled Tuesday Blitz April 4 Late 2023"]
[White "Papayan, Oleg"]
[Black "Skvortsov, Andrei"]
[WhiteFideId "4193911"]
[BlackFideId "24108600"]
[WhiteElo "2153"]
[BlackElo "2259"]
[Result "0-1"]
[Round "07"]
[TimeControl "180+2"]
[Date "2023.04.04"]
[WhiteClock "0:00:01"]
[BlackClock "0:01:29"]

1. e4 e6 2. d4 d5 3. Nc3 Nf6 4. Bg5 dxe4 5. Nxe4 Nbd7 6. Nxf6+ Nxf6 7. Nf3 c5 8. dxc5 Qxd1+ 9. Rxd1 Bxc5 10. Bb5+ Ke7 11. O-O a6 12. Be2 Rd8 13. Rxd8 Kxd8 14. Ne5 Ke8 15. c3 Nd7 16. Nxd7 Bxd7 17. Bf3 Bc6 18. Bxc6+ bxc6 19. Rd1 f6 20. Bf4 e5 21. Bc1 Ke7 22. Kf1 Rb8 23. Ke2 Ke6 24. g4 g6 25. f3 Rh8 26. Be3 Be7 27. f4 h5 28. g5 exf4 29. gxf6 Bd6 30. Bd4 Rf8 31. b4 g5 32. Kf3 g4+ 33. Ke4 f3 34. h3 Bc7 35. hxg4 hxg4 36. Rg1 Rg8 37. c4 Bh2 38. Rh1 g3 39. Kxf3 g2 40. Re1+ Kf5 41. Bg1 Bd6 42. c5 Be5 43. f7 Rf8 44. Kxg2 Bf6 45. Rf1+ Ke6 46. Bh2 Rxf7 47. Bd6 Rg7+ 48. Kf3 Rh7 49. Re1+ Kd5 50. Re8 Rh3+ 51. Kg4 Ra3 52. Re2 Bc3 0-1


[Site "https://www.chess.com"]

[Event "Titled Tuesday Blitz April 4 Late 2023"]
[White "Dudzinski, Pawel"]
[Black "Cuenca Jimenez, Jose Fernando"]
[WhiteFideId "1117890"]
[BlackFideId "2255570"]
[WhiteElo "2099"]
[BlackElo "2429"]
[Result "0-1"]
[Round "07"]
[TimeControl "180+2"]
[Date "2023.04.04"]
[WhiteClock "0:00:07"]
[BlackClock "0:00:07"]

1. e4 d6 2. Nc3 Nf6 3. g3 e5 4. Bg2 Be7 5. Nge2 O-O 6. d4 c6 7. a4 a5 8. h3 Na6 9. O-O Nb4 10. b3 exd4 11. Nxd4 d5 12. e5 Nd7 13. e6 Nc5 14. exf7+ Rxf7 15. Re1 Bf6 16. Be3 Qf8 17. Kh2 Bd7 18. Na2 Re8 19. Nxb4 axb4 20. Rc1 Ne4 21. f3 Nc3 22. Qd2 c5 23. Ne2 d4 24. Bf2 Nd5 25. f4 Bc6 26. Ng1 Rfe7 27. Rxe7 Rxe7 28. Re1 Qe8 29. Rxe7 Qxe7 30. Qe2 Qxe2 31. Nxe2 Kf7 32. g4 h6 33. Kg3 Ke6 34. Be4 Kd6 35. Kf3 Ne7 36. Bg3 Kd7 37. f5 Nd5 38. Bf2 Bg5 39. Bg1 Bf6 40. Nf4 Ne7 41. Bxc6+ Nxc6 42. Nd5 Kd6 43. Nxf6 gxf6 44. Bh2+ Kd5 45. Bf4 Ne5+ 46. Ke2 Nf7 47. Kd3 Ne5+ 48. Ke2 Nf7 49. h4 c4 50. bxc4+ Kxc4 51. Kd2 b3 52. cxb3+ Kxb3 53. a5 Kc4 54. Bc7 Kd5 55. Kd3 Ne5+ 56. Bxe5 Kxe5 57. h5 Kd5 58. g5 fxg5 59. f6 Ke6 60. Kxd4 Kxf6 61. a6 bxa6 62. Kc5 g4 63. Kb4 g3 64. Ka5 g2 65. Kxa6 g1=Q 66. Kb5 Qc1 0-1


[Site "https://www.chess.com"]

[Event "Titled Tuesday Blitz April 4 Late 2023"]
[White "Annaberdiyev, Meylis"]
[Black "Prydun, Andriy"]
[WhiteFideId "14000563"]
[BlackFideId "14145898"]
[WhiteElo "2416"]
[BlackElo "2164"]
[Result "1-0"]
[Round "07"]
[TimeControl "180+2"]
[Date "2023.04.04"]
[WhiteClock "0:01:28"]
[BlackClock "0:01:04"]

1. e4 c5 2. Nc3 b6 3. f4 Bb7 4. Nf3 d5 5. exd5 a6 6. d4 Nd7 7. Be3 c4 8. Bxc4 b5 9. Bb3 Nb6 10. Ne5 Nf6 11. O-O Nbxd5 12. Nxd5 Nxd5 13. f5 Qb6 14. Bf2 Rd8 15. c4 bxc4 16. Ba4+ 1-0


[Site "https://www.chess.com"]

[Event "Titled Tuesday Blitz April 4 Late 2023"]
[White "Domingo Nunez, Ruben"]
[Black "Romero Pallares, Daniel"]
[WhiteFideId "22245570"]
[BlackFideId "32025637"]
[WhiteElo "2404"]
[BlackElo "2195"]
[Result "1/2-1/2"]
[Round "07"]
[TimeControl "180+2"]
[Date "2023.04.04"]
[WhiteClock "0:00:06"]
[BlackClock "0:00:02"]

1. b3 g6 2. Bb2 Nf6 3. Nf3 Bg7 4. g3 b6 5. Bg2 Bb7 6. O-O O-O 7. c4 c5 8. Nc3 d6 9. e3 e6 10. d4 Qe7 11. Qe2 Nbd7 12. Rad1 Rfd8 13. e4 cxd4 14. Nxd4 a6 15. f4 e5 16. Nd5 Nxd5 17. exd5 Nc5 18. Nc6 Bxc6 19. dxc6 Qc7 20. Bd5 exf4 21. Bxg7 Kxg7 22. Qb2+ f6 23. Rxf4 Rf8 24. Rdf1 Qe7 25. R4f3 Rae8 26. b4 Na4 27. Qf2 b5 28. Kg2 f5 29. Qd4+ Qe5 30. Qa7+ Re7 31. Qxa6 Nc3 32. c7 Nxd5 33. cxd5 Rxc7 34. Qxb5 Rfc8 35. R1f2 Qe4 36. Qe2 Qxd5 37. a4 Rc3 38. Qb2 Kg8 39. b5 Rxf3 40. Rxf3 Qe4 41. Qb3+ d5 42. Qd3 Rc2+ 43. Kf1 Qxa4 44. Qxd5+ Kg7 45. Qd7+ Kh6 46. Qd1 Rf2+ 47. Ke1 Qxd1+ 48. Kxd1 Rxf3 49. Kc2 Rf2+ 50. Kc3 Rxh2 51. b6 Rh1 52. Kc2 Rh2+ 53. Kc3 Rh3 54. b7 Rxg3+ 55. Kc2 Rg2+ 56. Kc1 Rg1+ 57. Kc2 Rg2+ 58. Kc1 Rg1+ 59. Kc2 Rg2+ 1/2-1/2


[Site "https://www.chess.com"]

[Event "Titled Tuesday Blitz April 4 Late 2023"]
[White "Perske, Thore"]
[Black "Santos Flores, Alberto"]
[WhiteFideId "12902195"]
[BlackFideId "3601234"]
[WhiteElo "2336"]
[BlackElo "2235"]
[Result "0-1"]
[Round "07"]
[TimeControl "180+2"]
[Date "2023.04.04"]
[WhiteClock "0:00:01"]
[BlackClock "0:00:11"]

1. d4 d5 2. Nf3 Nf6 3. g3 e6 4. Bg2 Be7 5. O-O O-O 6. c4 dxc4 7. Qc2 a6 8. a4 Bd7 9. Rd1 Bc6 10. Nc3 a5 11. e4 Na6 12. Ne5 Nb4 13. Qe2 Nd3 14. Nxc6 bxc6 15. Be3 Rb8 16. Rab1 Rb3 17. Qc2 Qb8 18. e5 Nd5 19. Ne4 Nxb2 20. Rf1 Nd3 21. Rxb3 Qxb3 22. Qe2 Qxa4 23. h4 Qb3 24. h5 a4 25. h6 g6 26. Bg5 Bxg5 27. Nxg5 a3 28. Qf3 a2 29. Ne4 Nxe5 30. dxe5 Qxf3 31. Bxf3 Rb8 32. Nd2 c3 33. Ra1 cxd2 34. Rxa2 Rb1+ 35. Kg2 Kf8 36. Rxd2 Ke7 37. Rc2 Kd7 38. Ra2 Rb8 39. Ra7 g5 40. Be4 Rf8 41. Bxh7 Rh8 42. Be4 Rxh6 43. Ra8 f5 44. exf6 Rxf6 45. Rg8 Nc3 46. Bf3 Rf5 47. Bg4 Ra5 48. Rg6 Re5 0-1


[Site "https://www.chess.com"]

[Event "Titled Tuesday Blitz April 4 Late 2023"]
[White "Poliakova, Varvara"]
[Black "Jovic, Stanoje"]
[WhiteFideId "13518313"]
[BlackFideId "905020"]
[WhiteElo "2075"]
[BlackElo "2236"]
[Result "1-0"]
[Round "07"]
[TimeControl "180+2"]
[Date "2023.04.04"]
[WhiteClock "0:01:08"]
[BlackClock "0:00:01"]

1. e4 c6 2. d4 d5 3. Nd2 dxe4 4. Nxe4 Nf6 5. Nxf6+ exf6 6. c3 Bd6 7. Bd3 O-O 8. Qc2 h5 9. Ne2 Qc7 10. h3 Re8 11. Be3 c5 12. O-O-O c4 13. Be4 Qa5 14. g4 Qxa2 15. gxh5 Nc6 16. h6 g5 17. h4 Na5 18. Kd2 Nb3+ 19. Ke1 Qa5 20. h7+ Kh8 21. hxg5 f5 22. g6 fxg6 23. Bg5 Be7 24. Nf4 Qa6 25. Bxe7 Rxe7 26. Rh6 Rxe4+ 27. Qxe4 fxe4 28. Nxg6+ Qxg6 29. Rxg6 Kxh7 30. Rg3 a5 31. Ke2 Ra6 32. Rh1+ Rh6 33. Rxh6+ Kxh6 34. Ke3 Bf5 35. Kf4 Bg6 36. d5 Kg7 37. d6 Nc5 38. Ke5 Kf7 39. Kd4 Nd7 40. Kxc4 Bf5 41. Kb5 Ke6 42. Rg5 b6 43. Kc6 Ne5+ 44. Kc7 Kf6 45. Rg8 Be6 46. Rb8 Nc4 47. b3 Nb2 48. Rh8 Nd3 49. Rh6+ Ke5 50. Rxe6+ Kxe6 51. d7 1-0


[Site "https://www.chess.com"]

[Event "Titled Tuesday Blitz April 4 Late 2023"]
[White "Goroshkov, Maksym"]
[Black "Erzhanov, Arman"]
[WhiteFideId "14142716"]
[BlackFideId "4138821"]
[WhiteElo "2322"]
[BlackElo "2138"]
[Result "1-0"]
[Round "07"]
[TimeControl "180+2"]
[Date "2023.04.04"]
[WhiteClock "0:00:08"]
[BlackClock "0:00:11"]

1. e4 d6 2. d4 Nf6 3. Nc3 c6 4. f4 d5 5. e5 Ng8 6. Nf3 h5 7. Bd3 g6 8. O-O Nh6 9. Nh4 Nf5 10. Nxf5 Bxf5 11. Bxf5 gxf5 12. Be3 e6 13. Ne2 Nd7 14. b3 h4 15. c4 Be7 16. Rc1 Nb6 17. a4 Rg8 18. a5 Nd7 19. Qd2 Nb8 20. c5 Nd7 21. b4 a6 22. Nc3 Rg6 23. Kh1 Kf8 24. Qe2 Kg7 25. Kg1 Qh8 26. Kf2 Rg8 27. Ke1 Kf8 28. Rg1 Qg7 29. Rc2 Rg4 30. Kd1 Ke8 31. Kc1 Kd8 32. Kb1 Nf8 33. Kb2 Nd7 34. Kb1 Ke8 35. Kb2 Bd8 36. Bc1 Qh6 37. Nd1 R4g6 38. Be3 Kf8 39. Nc3 Kg7 40. Nd1 Kh7 41. Nc3 Nf8 42. Nd1 Rg4 43. Kb1 Ng6 44. h3 Rg3 45. Qf2 Qh5 46. Kc1 Be7 47. Rd2 Bf8 48. Nc3 Bh6 49. Ne2 Ne7 50. Nxg3 hxg3 51. Qe2 Qh4 52. Qf3 Ng6 53. Rf1 Rg7 54. Re2 Rg8 55. Bd2 Rg7 56. Qb3 Rg8 57. Re3 Nxf4 58. Ref3 Nxg2 59. Bxh6 Qxh6+ 60. Kb2 f4 61. Qc2+ Qg6 62. Qxg2 Qe4 63. Qc2 g2 64. Rg1 Rg3 65. Qxe4+ dxe4 66. Rxf4 e3 67. Rxf7+ Kg6 68. Rf6+ Kg5 69. Kc2 e2 70. Kd2 e1=Q+ 71. Kxe1 Kh4 72. Kf2 Kxh3 73. Rh6+ Kg4 74. Rg6+ Kf5 75. Rxg3 1-0


[Site "https://www.chess.com"]

[Event "Titled Tuesday Blitz April 4 Late 2023"]
[White "QuiesPrecatio"]
[Black "Mendez Fortes, Eduardo Jesus"]
[BlackFideId "3502376"]
[WhiteElo "2459"]
[BlackElo "2307"]
[Result "1-0"]
[Round "07"]
[TimeControl "180+2"]
[Date "2023.04.04"]
[WhiteClock "0:01:08"]
[BlackClock "0:00:47"]

1. d4 Nf6 2. c4 e6 3. Nc3 Bb4 4. Qc2 O-O 5. e4 d5 6. e5 Ne4 7. Bd3 c5 8. Nf3 cxd4 9. Nxd4 Nd7 10. Bf4 Qh4 11. g3 Qh5 12. Bxe4 dxe4 13. Qxe4 Nc5 14. Qe2 Bxc3+ 15. bxc3 Qg6 16. O-O a6 17. Nb3 Nd3 18. Bc1 b6 19. Ba3 Rd8 20. f4 Bb7 21. Rad1 Be4 22. Bd6 Bf5 23. Nd4 Be4 24. f5 exf5 25. Rxd3 Bxd3 26. Qxd3 b5 27. c5 f6 28. e6 Re8 29. Qf3 Rac8 30. Qd5 Kh8 31. e7 Qg5 32. Bf4 Qg6 33. Nxf5 Qh5 34. Qe6 g6 35. Qxf6+ 1-0


[Site "https://www.chess.com"]

[Event "Titled Tuesday Blitz April 4 Late 2023"]
[White "Janaszak, Dawid"]
[Black "Rizzo, Tobias"]
[WhiteFideId "1119206"]
[BlackFideId "30942691"]
[WhiteElo "2220"]
[BlackElo "2458"]
[Result "1-0"]
[Round "07"]
[TimeControl "180+2"]
[Date "2023.04.04"]
[WhiteClock "0:00:10"]
[BlackClock "0:00:05"]

1. e4 c5 2. Nc3 Nc6 3. f4 e6 4. Nf3 Nf6 5. Bb5 Nd4 6. e5 Nxb5 7. Nxb5 Nd5 8. O-O a6 9. Nc3 Nxc3 10. bxc3 Be7 11. d4 d5 12. Be3 Qa5 13. c4 dxc4 14. f5 exf5 15. d5 O-O 16. a4 Rd8 17. d6 Be6 18. Bd2 c3 19. dxe7 Rxd2 20. Nxd2 cxd2 21. Rf2 Qc7 22. Qxd2 Qxe7 23. Qd6 Qxd6 24. exd6 Rd8 25. Rd2 g6 26. Rb1 Rd7 27. Kf2 f6 28. Rb6 Kf7 29. Rd1 g5 30. Rdb1 Bd5 31. Rd1 Bc6 32. a5 Ke6 33. Rb3 Rxd6 34. Rxd6+ Kxd6 35. Rh3 Be4 36. Rxh7 c4 37. Rf7 Ke6 38. Rc7 Bxc2 39. Rxc4 Be4 40. g3 Bc6 41. Ke3 Kd5 42. Rc1 Ke5 43. Rc2 Ke6 44. Rf2 Ke5 45. h4 Ke6 46. Kd4 f4 47. gxf4 gxh4 48. f5+ Kd6 49. Rh2 Bd7 50. Ke4 Bc6+ 51. Kf4 Kc5 52. Rxh4 Kb4 53. Rh6 Kxa5 54. Rxf6 Kb4 55. Rxc6 bxc6 56. Ke5 a5 57. f6 a4 58. f7 a3 59. f8=Q+ Kb3 60. Qf7+ Kb2 61. Qf2+ Kb1 62. Qe1+ Kb2 63. Qd2+ Kb1 64. Qd3+ Kb2 65. Qd2+ Kb1 66. Qc3 a2 67. Qb3+ Ka1 68. Qc2 c5 69. Qc1# 1-0


[Site "https://www.chess.com"]

[Event "Titled Tuesday Blitz April 4 Late 2023"]
[White "Romanchuk, Viktor"]
[Black "Kukula, Pawel"]
[WhiteFideId "14109271"]
[BlackFideId "1115081"]
[WhiteElo "2242"]
[BlackElo "2012"]
[Result "1-0"]
[Round "07"]
[TimeControl "180+2"]
[Date "2023.04.04"]
[WhiteClock "0:00:09"]
[BlackClock "0:00:17"]

1. d4 e6 2. c4 f5 3. g3 Nf6 4. Bg2 Be7 5. Nf3 d6 6. b3 O-O 7. Bb2 Ne4 8. Nbd2 Bf6 9. O-O Nc6 10. a3 a5 11. Qc2 Nxd2 12. Qxd2 e5 13. dxe5 dxe5 14. Qd5+ Kh8 15. Rfd1 Qe8 16. Rab1 Be6 17. Qb5 Bc8 18. e3 a4 19. b4 e4 20. Bxf6 exf3 21. Bxg7+ Kxg7 22. Bxf3 Ne5 23. Bg2 Qxb5 24. cxb5 Rb8 25. Rbc1 Rf7 26. Rd8 Re7 27. h3 Nf7 28. Rd5 Be6 29. Rdc5 c6 30. bxc6 bxc6 31. Bxc6 Bb3 32. Rxf5 Ne5 33. b5 Rd8 34. g4 Nxc6 35. bxc6 Rc7 36. Rb5 Rdc8 37. Rbc5 Kf6 38. f4 Ke6 39. e4 Rb8 40. f5+ Ke7 41. e5 Bf7 42. Kf2 Be8 43. Ke3 Rb3+ 44. R1c3 Rb1 45. Kf4 h6 46. h4 Rf1+ 47. Ke4 Rg1 48. Kf4 Rf1+ 49. Ke4 Re1+ 50. Kf4 Bf7 51. e6 Be8 52. g5 Rf1+ 53. Ke5 Re1+ 54. Kf4 Rf1+ 55. Rf3 hxg5+ 56. hxg5 Rh1 57. Re3 Rh4+ 58. Ke5 Rh5 59. f6+ Kd8 60. Kd6 Rh4 61. f7 Rd4+ 62. Ke5 Bxf7 63. Kxd4 Be8 64. Ke5 Ke7 65. Rd3 Ra7 66. Rd7+ Bxd7 67. exd7 Kd8 68. Kd6 Ra6 69. g6 Rb6 70. g7 Rxc6+ 71. Kxc6 Ke7 72. g8=Q Kf6 73. Qf8+ Kg6 74. Qd6+ Kh7 75. d8=Q Kg7 76. Q8e7+ Kg8 77. Qdd8# 1-0


[Site "https://www.chess.com"]

[Event "Titled Tuesday Blitz April 4 Late 2023"]
[White "Fiorito, Francisco"]
[Black "Martin Barcelo, Carles"]
[WhiteFideId "180165"]
[BlackFideId "24561444"]
[WhiteElo "2341"]
[BlackElo "2089"]
[Result "1-0"]
[Round "07"]
[TimeControl "180+2"]
[Date "2023.04.04"]
[WhiteClock "0:00:18"]
[BlackClock "0:00:02"]

1. d4 Nf6 2. Bf4 d5 3. e3 e6 4. Nf3 Bd6 5. Bg3 c5 6. c3 O-O 7. Nbd2 Qc7 8. Bd3 Nbd7 9. O-O Bxg3 10. hxg3 e5 11. e4 dxe4 12. Nxe4 Nxe4 13. Bxe4 Nf6 14. Bc2 cxd4 15. cxd4 e4 16. Ne5 Be6 17. Re1 Bd5 18. Qd2 Rac8 19. Rac1 Qb6 20. Bb1 Rfd8 21. b3 h6 22. Qe3 Qb4 23. Red1 a5 24. g4 b6 25. g5 hxg5 26. Qxg5 Rxc1 27. Qxc1 Ba8 28. Qe3 g6 29. Qf4 Qd6 30. Qg5 Kg7 31. Qf4 Qc7 32. Nxg6 Qxf4 33. Nxf4 Ng4 34. d5 Kf6 35. Bxe4 Ke5 36. Bf3 Kxf4 37. Rd4+ Ke5 38. Rxg4 Bxd5 39. Rg5+ f5 40. Bh5 Kf6 41. Rg6+ Ke5 42. Rxb6 Rc8 43. Rb5 Kd4 44. Rxa5 Rc1+ 45. Kh2 Rc8 46. Ra4+ Ke5 47. Rh4 1-0


[Site "https://www.chess.com"]

[Event "Titled Tuesday Blitz April 4 Late 2023"]
[White "reevecanada"]
[Black "Han, Yichen"]
[BlackFideId "1054430"]
[WhiteElo "2442"]
[BlackElo "2342"]
[Result "1/2-1/2"]
[Round "07"]
[TimeControl "180+2"]
[Date "2023.04.04"]
[WhiteClock "0:00:07"]
[BlackClock "0:00:08"]

1. e4 e5 2. Nf3 Nc6 3. d4 exd4 4. Nxd4 Bc5 5. Nb3 Bb4+ 6. c3 Be7 7. c4 Nf6 8. Bd3 Bb4+ 9. Bd2 a5 10. a3 Bxd2+ 11. N3xd2 d6 12. O-O O-O 13. Nc3 Ne5 14. Be2 Ng6 15. f4 Re8 16. h3 c6 17. Qc2 Qb6+ 18. Kh2 Qe3 19. Rf3 Qb6 20. Raf1 Qc7 21. g4 Bxg4 22. hxg4 Nxg4+ 23. Kh1 Qb6 24. Na4 Qd4 25. Qc3 Qa7 26. Rg3 Nf2+ 27. Kg2 Nxe4 28. Nxe4 Rxe4 29. Bd3 Re3 30. Qd2 Rae8 31. Rxe3 Rxe3 32. Bxg6 hxg6 33. Re1 Rxe1 34. Qxe1 Qd4 35. Qf1 b5 36. Nc3 bxc4 37. Qe2 d5 38. Qe8+ Kh7 39. Qxc6 Qd2+ 40. Kf3 d4 41. Ne4 Qe3+ 42. Kg2 Qxf4 43. Qd5 Qg4+ 44. Kf2 Qf4+ 45. Ke2 Qe3+ 46. Kd1 f6 47. Nd2 c3 48. bxc3 dxc3 49. Nc4 Qf2 50. Qh1+ Kg8 51. Qd5+ Kf8 52. Kc1 Qf1+ 53. Kc2 Qf2+ 54. Kxc3 Qg3+ 55. Kd4 Qf2+ 56. Ke4 Qg2+ 57. Kd4 Qxd5+ 58. Kxd5 g5 59. Ke4 a4 60. Nb6 Ke7 61. Nxa4 Kd6 62. Nc3 Kc5 63. Kf5 Kc4 64. Nb1 Kb3 65. Kg4 g6 66. Kg3 f5 67. Kf3 g4+ 68. Kf4 Ka4 69. Kg3 g5 70. Nd2 Kxa3 71. Nc4+ Kb4 72. Nd6 f4+ 73. Kxg4 Kc3 74. Ne4+ Kd3 75. Nxg5 Ke3 76. Nh3 Ke4 77. Nxf4 1/2-1/2


[Site "https://www.chess.com"]

[Event "Titled Tuesday Blitz April 4 Late 2023"]
[White "Mortazavi, Ali"]
[Black "Hajiyev, Kanan"]
[WhiteFideId "401323"]
[BlackFideId "13404148"]
[WhiteElo "2339"]
[BlackElo "2103"]
[Result "1-0"]
[Round "07"]
[TimeControl "180+2"]
[Date "2023.04.04"]
[WhiteClock "0:00:54"]
[BlackClock "0:00:08"]

1. e4 c5 2. Nc3 Nc6 3. f4 d6 4. Nf3 g6 5. Bb5 Bg7 6. Bxc6+ bxc6 7. d3 Nf6 8. O-O O-O 9. Qe1 Qd7 10. b3 Qg4 11. Bd2 Nh5 12. h3 Qg3 13. Qxg3 Nxg3 14. Rfe1 f5 15. e5 Bh6 16. Kf2 Nh5 17. g3 Re8 18. exd6 Kf7 19. Ne5+ Ke6 20. Ng4+ Kxd6 21. Nxh6 Rf8 22. Re5 e6 23. Na4 Nf6 24. Nxc5 Bd7 25. Bb4 Bc8 26. Nxe6+ c5 1-0


[Site "https://www.chess.com"]

[Event "Titled Tuesday Blitz April 4 Late 2023"]
[White "Kielinkei"]
[Black "Jimenez Almeida, Luis David"]
[BlackFideId "22242244"]
[WhiteElo "2423"]
[BlackElo "2245"]
[Result "0-1"]
[Round "07"]
[TimeControl "180+2"]
[Date "2023.04.04"]
[WhiteClock "0:00:02"]
[BlackClock "0:00:19"]

1. d4 g6 2. e4 c6 3. Nf3 Na6 4. c3 Nc7 5. Bd3 Bg7 6. O-O d6 7. Qe2 Nf6 8. e5 dxe5 9. dxe5 Nfd5 10. c4 Nb6 11. h3 O-O 12. b3 Ne6 13. Rd1 Qc7 14. Nc3 Nd7 15. Re1 Ndc5 16. Bc2 a5 17. Ne4 Nd7 18. Bb2 a4 19. Neg5 Ndc5 20. b4 a3 21. Bc3 Na4 22. Bxa4 Rxa4 23. Nxe6 Bxe6 24. Nd4 Bc8 25. Nb3 b6 26. Qe3 Be6 27. Qe4 Raa8 28. Rad1 c5 29. bxc5 bxc5 30. Rd5 Bxd5 31. cxd5 c4 32. Nd2 Rfc8 33. Nf3 Rab8 34. Nd4 Qc5 35. e6 f5 36. Qh4 Qxd5 37. Qxe7 Bxd4 38. Qf7+ Kh8 39. Bxd4+ Qxd4 40. e7 Re8 0-1


[Site "https://www.chess.com"]

[Event "Titled Tuesday Blitz April 4 Late 2023"]
[White "Gerbelli Neto, Eduardo"]
[Black "koncheto"]
[WhiteFideId "2103281"]
[WhiteElo "2178"]
[BlackElo "2536"]
[Result "0-1"]
[Round "07"]
[TimeControl "180+2"]
[Date "2023.04.04"]
[WhiteClock "0:00:01"]
[BlackClock "0:00:03"]

1. e4 e5 2. Nf3 Nf6 3. Bc4 Nxe4 4. Nc3 Nf6 5. Nxe5 d5 6. Be2 d4 7. Nb1 Bd6 8. Nf3 c5 9. O-O O-O 10. Na3 Nc6 11. Nc4 Bc7 12. a4 b6 13. d3 Bb7 14. Bg5 h6 15. Bh4 Qe7 16. Re1 Rfe8 17. Bg3 Nd5 18. Qd2 a6 19. Bf1 Qd7 20. Rxe8+ Rxe8 21. Re1 Rxe1 22. Qxe1 b5 23. axb5 axb5 24. Nce5 Nxe5 25. Bxe5 Qe6 26. Bxc7 Qxe1 27. Nxe1 Nxc7 28. Be2 f5 29. Nf3 Bxf3 30. Bxf3 Kf7 31. Kf1 Ke6 32. Ke2 Ke5 33. Bc6 b4 34. g3 g5 35. h3 Ne6 36. Bd7 Nf8 37. Bc8 Ng6 38. Kf3 h5 39. Bd7 h4 40. Bc8 Ne7 41. Bb7 Ng8 42. gxh4 gxh4 43. Bc6 Ne7 44. Bb7 Ng6 45. Kg2 Nf4+ 46. Kh2 Ne2 47. Kg2 b3 48. cxb3 Nc1 49. Ba6 Nxb3 50. Kf3 Na1 51. Bc4 Nc2 52. Ke2 Kf4 53. Be6 Nb4 54. Bc4 Nc6 55. Be6 Ne5 56. Bd5 Kg5 57. b3 Ng6 58. Bg2 Nf4+ 59. Kf3 Nxd3 60. Bf1 Ne5+ 61. Ke2 Kf4 62. Bg2 Nf7 63. Bd5 Ng5 64. Bg2 Ke5 65. Kd3 Ne6 66. Kc4 Nf4 67. Bf1 Ke4 68. Kxc5 d3 0-1


[Site "https://www.chess.com"]

[Event "Titled Tuesday Blitz April 4 Late 2023"]
[White "Escanor89"]
[Black "Weisz, Bryan"]
[BlackFideId "30934133"]
[WhiteElo "2531"]
[BlackElo "2365"]
[Result "1-0"]
[Round "07"]
[TimeControl "180+2"]
[Date "2023.04.04"]
[WhiteClock "0:00:05"]
[BlackClock "0:00:25"]

1. d4 Nf6 2. c4 e6 3. Nc3 d6 4. e4 g6 5. f4 Bg7 6. Nf3 O-O 7. Be2 c5 8. dxc5 dxc5 9. Qxd8 Rxd8 10. e5 Ne8 11. Be3 b6 12. Ng5 Bb7 13. O-O Nc6 14. Bf3 Rab8 15. Rad1 Nd4 16. Bxb7 Rxb7 17. Bxd4 cxd4 18. Nb5 Rbd7 19. Ne4 Bf8 20. Nbd6 Nxd6 21. Nf6+ Kg7 22. Nxd7 Rxd7 23. exd6 Bxd6 24. Rd3 a5 25. g3 a4 26. Kg2 Bc5 27. Rb1 Ra7 28. Kf3 f5 29. Re1 Kf6 30. Ke2 g5 31. Kd1 gxf4 32. gxf4 Rg7 33. Rg3 Rg4 34. Rf1 Bd6 35. Rxg4 fxg4 36. Ke2 Kf5 37. Kd3 Bc5 38. b3 axb3 39. axb3 h5 40. Re1 h4 41. Re5+ Kxf4 42. Rxe6 Kf3 43. b4 Bxb4 44. Rxb6 Ba5 45. Ra6 Bc7 46. Rh6 h3 47. Kxd4 Bxh2 48. c5 Bg1+ 49. Kd5 h2 50. c6 Bb6 51. Rxh2 g3 52. Rh8 Kf2 53. Rf8+ Kg2 54. Rb8 Bc7 55. Rb7 Bf4 56. Ke4 Bd6 57. Rd7 Bb8 58. c7 Bxc7 59. Rxc7 Kf2 60. Rc2+ Kg1 61. Kf3 g2 62. Rxg2+ Kh1 63. Rc2 1-0


[Site "https://www.chess.com"]

[Event "Titled Tuesday Blitz April 4 Late 2023"]
[White "Petrovic, Aleksa"]
[Black "Romero Ruscalleda, Josep"]
[WhiteFideId "967629"]
[BlackFideId "2231859"]
[WhiteElo "2309"]
[BlackElo "2183"]
[Result "1-0"]
[Round "07"]
[TimeControl "180+2"]
[Date "2023.04.04"]
[WhiteClock "0:01:45"]
[BlackClock "0:00:59"]

1. d4 g6 2. c4 Bg7 3. e4 d6 4. Nc3 e5 5. Nge2 Nc6 6. Be3 exd4 7. Nxd4 Nge7 8. Be2 O-O 9. h4 f5 10. Nxc6 Nxc6 11. exf5 Bxf5 12. h5 Ne5 13. hxg6 Bxg6 14. Qd2 c6 15. O-O-O Qf6 16. f4 Nf7 17. g4 Nd8 18. f5 Bf7 19. g5 Qe5 20. Bd3 d5 21. f6 Bxf6 22. Bxh7+ Kg7 23. gxf6+ Qxf6 24. Bd4 1-0


[Site "https://www.chess.com"]